 Dungeon Crawl Stone Soup version 0.21-a0-286-g6fcecc0 (webtiles) character file.

714 qqqbard the Twirler (level 7, -2/43 HPs)
             Began as a Gargoyle Gladiator on Sept 26, 2017.
             Killed from afar by Sigmund (10 damage)
             ... with a puff of flame
             ... on level 5 of the Dungeon.
             The game lasted 00:05:21 (3532 turns).

qqqbard the Twirler (Gargoyle Gladiator)            Turns: 3532, Time: 00:05:22

Health: -2/43      AC: 15    Str: 19    XL:     7   Next: 69%
Magic:  7/7        EV: 11    Int:  9    God:
Gold:   246        SH:  0    Dex: 11    Spells: 6/6 levels left

rFire    . . .     SeeInvis .   a - +0 quarterstaff
rCold    . . .     Gourm    .   (shield currently unavailable)
rNeg     + . .     Faith    .   A - +0 scale mail
rPois    ∞         Spirit   .   c - +0 helmet
rElec    +         Reflect  .   (no cloak)
rCorr    .         Harm     .   y - +1 pair of gloves
MR       .....                  (no boots)
Stlth    +.........             (no amulet)
HPRegen  0.14/turn              w - ring of stealth
MPRegen  0.10/turn              (no ring)

@: no status effects
A: negative energy resistance 1, electricity resistance, unbreathing,
petrification resistance, rot immunity, AC +4
a: no special abilities


You were on level 5 of the Dungeon.
You were not hungry.

You visited 1 branch of the dungeon, and saw 5 of its levels.

You collected 246 gold pieces.

Inventory:

Hand Weapons
 a - a +0 quarterstaff (weapon)
Missiles
 d - 3 throwing nets (quivered)
 s - 77 bolts
Armour
 c - a +0 helmet (worn)
 y - a +1 pair of gloves (worn)
 A - a +0 scale mail (worn)
Jewellery
 w - a ring of stealth (left hand)
Wands
 z - a wand of confusion (36/48)
Scrolls
 b - a scroll of enchant armour {unknown}
 e - 2 scrolls of noise {unknown}
 g - 4 scrolls of recharging {unknown}
 h - 2 scrolls of remove curse {unknown}
 i - 7 scrolls of teleportation {unknown}
 l - a scroll of enchant weapon {unknown}
 m - 5 scrolls of identify {unknown}
 n - a scroll of fog {unknown}
 t - a scroll of fear {unknown}
 x - a scroll of blinking {unknown}
 B - a scroll of torment {unknown}
Potions
 j - 3 potions of flight {unknown}
 o - 2 potions of heal wounds {unknown}
 p - 2 potions of brilliance {unknown}
 q - a potion of cancellation {unknown}
 r - a potion of haste {unknown}
 u - a potion of berserk rage {unknown}
 v - 2 potions of invisibility {unknown}
Comestibles
 f - 3 bread rations
 k - 4 meat rations
 C - a chunk of flesh
 D - a royal jelly


   Skills:
 + Level 4.2 Fighting
 + Level 6.2 Staves
 + Level 1.8 Throwing
 + Level 3.5 Armour
 + Level 3.5 Dodging
 + Level 1.4 Stealth


You had 6 spell levels left.
You didn't know any spells.

Dungeon Overview and Level Annotations

Branches:
Dungeon (5/15)
 Temple: D:4-7

Altars:
Elyvilon
Ru
Yredelemnul

Shops:
D:4 !

Annotations:
D:5 Sigmund


Innate Abilities, Weirdness & Mutations

You are resistant to torment.
Your stone body is resilient. (AC +4)
You are immune to poison.
You resist negative energy. (rN+)
You are resistant to electric shocks. (rElec)
You can survive without breathing.
You are immune to petrification.
You are immune to rotting.


Message History

You hit something. You closely miss something. Something hits you.
You closely miss something.
You hear some strange, mumbled words.
A puff of flame appears from out of thin air!
The puff of flame hits you!
You hit something. Something hits you but does no damage.
You barely miss something. You closely miss something. Something hits you.
You miss something.
You hear some strange, mumbled words.
A magic dart appears from out of thin air!
The magic dart hits you!
* * * LOW HITPOINT WARNING * * *
Some of the chunks of flesh in your inventory have rotted away.
You hit something.
You hear some strange, mumbled words.
A puff of flame appears from out of thin air!
The puff of flame hits you!
You die...

##......[##
............####
##.#....### ...####.##.##
..........# #....##.##.#
##....#.#...#.##....÷..#
....###................#
.... ##...[##.###......#
#### #..
.........##.......# #>..
#. ##....#....##....# #...
.#####..@.### ##...# #().
#.......#{# ####...###...
..#####...###........)...
##........(#..##...
##...........##.##
###...#....##....#
.#.######..........##....#
..........#####....##....#
........### #....##...[#


There were no monsters in sight!

Vanquished Creatures
  2 sky beasts (D:5)
  An ogre (D:5)
  A centaur (D:4)
  A scorpion (D:4)
  A bullfrog skeleton (D:5)
  A centaur skeleton (D:4)
  A worker ant (D:4)
  2 orc wizards (D:4)
  A killer bee zombie (D:5)
  A hound zombie (D:5)
  A hound skeleton (D:4)
  3 adders
  3 oozes
  5 worms
  3 leopard geckos
  5 orcs
  4 giant cockroaches
  10 goblins
  7 hobgoblins
  6 jackals
  4 quokkas
  4 bats
  4 frilled lizards
  12 kobolds
  4 rats
87 creatures vanquished.

Notes
Turn   | Place    | Note
-------+----------+-------------------------------------------
     0 | D:1      | qqqbard the Gargoyle Gladiator began the quest for the Orb.
     0 | D:1      | Reached XP level 1. HP: 12/12 MP: 1/1
    83 | D:1      | Reached XP level 2. HP: 16/17 MP: 2/2
   449 | D:1      | Reached XP level 3. HP: 22/22 MP: 3/3
  1062 | D:2      | Found a white marble altar of Elyvilon.
  1116 | D:2      | Found a basalt altar of Yredelemnul.
  1218 | D:2      | Reached skill level 4 in Staves
  1218 | D:2      | Reached XP level 4. HP: 26/27 MP: 4/4
  1265 | D:2      | Reached skill level 1 in Armour
  1799 | D:3      | Reached XP level 5. HP: 14/32 MP: 5/5
  2333 | D:3      | Found a sacrificial altar of Ru.
  2521 | D:4      | Found Wesmiall's Distillery.
  2565 | D:4      | Noticed a centaur
  2606 | D:4      | Killed a centaur
  2606 | D:4      | Reached skill level 5 in Staves
  2606 | D:4      | Reached skill level 1 in Stealth
  2606 | D:4      | Reached XP level 6. HP: 11/37 MP: 6/6
  3055 | D:5      | Entered Level 5 of the Dungeon
  3056 | D:5      | Noticed a sky beast
  3097 | D:5      | Killed a sky beast
  3097 | D:5      | Reached XP level 7. HP: 22/42 MP: 7/7
  3356 | D:5      | Reached skill level 6 in Staves
  3499 | D:5      | Noticed Sigmund
  3532 | D:5      | Killed from afar by Sigmund

Vault maps used:
D:1:      scummos_arrival_simple_crosswalls, st_stairs_2, minivault_24
D:2:      kennysheep_ying_yang, hex_tiny, minmay_vboxes
D:3:      first_bread, kennysheep_donut, nicolae_ru_path_of_blood
D:4:      serial_shops, shop, minmay_quantized
D:5:      minmay_temple_entry_fiery, uniq_sigmund

Skill      XL: |  1  2  3  4  5  6  7 |
---------------+----------------------+-----
Staves         | 4 5 6 |  6.2
Armour         | 1 2 3 |  3.5
Fighting       | 3 4 |  4.2
Dodging        | 3 |  3.5
Stealth        | 1 |  1.4
Throwing       | |  1.8

Action                   |  1- 3 |  4- 6 |  7- 9 || total
-------------------------+-------+-------+-------++-------
Melee: Quarterstaff      |   133 |   198 |    70 ||   401
 Stab: Sleeping          |       |     1 |       ||     1
  Eat: Chunk             |     1 |     6 |     2 ||     9
Armor: Leather armour    |    73 |    54 |       ||   127
       Scale mail        |       |    46 |    40 ||    86
Dodge: Dodged            |    80 |   115 |    25 ||   220

Table legend:
 A = Spawn XP
 B = Non-spawn XP
 C = Spawn XP percentage of total XP
 D = Spawn monster count
 E = Non-spawn monster count
 F = Spawn count percentage of total count
 G = Total turns spent on level
                    A         B        C        D         E        F      G
               +---------+---------+-------+---------+---------+-------+---------
         Total |       0 |    1021 |   0.0 |       0 |      87 |   0.0 |  3532
               +---------+---------+-------+---------+---------+-------+---------
           D:1 |       0 |      46 |   0.0 |       0 |      24 |   0.0 |   637
           D:2 |       0 |      61 |   0.0 |       0 |      19 |   0.0 |   905
           D:3 |       0 |      68 |   0.0 |       0 |      20 |   0.0 |   844
           D:4 |       0 |     369 |   0.0 |       0 |      14 |   0.0 |   669
           D:5 |       0 |     477 |   0.0 |       0 |      10 |   0.0 |   477
               +---------+---------+-------+---------+---------+-------+---------
